 Dungeon Crawl Stone Soup version 0.20.1-1-g8b1a95d (webtiles) character file.

4126 Jannitor the Destroyer (level 10, -10/79 HPs)
             Began as a Demonspawn Conjurer on Aug 27, 2017.
             Was a High Priest of Okawaru.
             Mangled by a wyvern (12 damage)
             ... on level 8 of the Dungeon.
             The game lasted 00:24:58 (9664 turns).

Jannitor the Destroyer (Demonspawn Conjurer)        Turns: 9664, Time: 00:24:58

Health: -10/79     AC:  3    Str: 10    XL:     10   Next: 6%
Magic:  15/20      EV: 15    Int: 19    God:    Okawaru [*****.]
Gold:   142        SH:  0    Dex: 13    Spells: 13/23 levels left

rFire    + . .     SeeInvis .   e - +0 dagger (protect)
rCold    . . .     Gourm    .   (no shield)
rNeg     . . .     Faith    .   a - +0 robe
rPois    .         Spirit   .   (helmet restricted)
rElec    .         Reflect  .   (no cloak)
rCorr    .         Harm     .   (no gloves)
MR       .....     Clarity  +   l - +0 pair of boots
Stlth    ++........             (no amulet)
Regen    0.3/turn               j - +3 ring of evasion
MPRegen  0.2/turn               y - ring of wizardry

@: no status effects
A: antennae 2, fangs 1, talons 1, clarity, demonic guardian 2, fire resistance
1, flame cloud immunity
a: Heroism, Finesse, Renounce Religion


You were on level 8 of the Dungeon.
You worshipped Okawaru.
Okawaru was extremely pleased with you.
You were not hungry.

You visited 1 branch of the dungeon, and saw 8 of its levels.

You collected 272 gold pieces.
You spent 130 gold pieces at shops.

Inventory:

Hand Weapons
 d - a +0 dagger
 e - a +0 dagger of protection (weapon)
 z - a +0 long sword
Missiles
 o - 5 javelins (quivered)
Armour
 a - a +0 robe (worn)
 h - a +0 helmet
 k - a +0 buckler
 l - a +0 pair of boots (worn)
Magical Staves
 u - an uncursed staff of earth
Jewellery
 f - an uncursed ring of fire
 j - a +3 ring of evasion (left hand)
 r - a +3 ring of dexterity
 y - a ring of wizardry (right hand)
Wands
 i - a wand of flame (28/48)
 q - a wand of paralysis (15/24)
 A - a wand of polymorph (14/24)
 O - a wand of iceblast (4/15)
 P - a wand of flame (18/48)
Scrolls
 g - 3 scrolls of identify
 m - a scroll of recharging
 n - 4 scrolls of remove curse
 p - 3 scrolls of amnesia
 v - a scroll of immolation
 w - a scroll of fog
 x - 2 scrolls of blinking {unknown}
 E - a scroll of silence {unknown}
 I - 2 scrolls of fear {unknown}
 J - 3 scrolls of random uselessness {unknown}
 K - a scroll of enchant weapon
 M - a scroll of magic mapping
Potions
 B - a potion of might {unknown}
 C - a potion of degeneration {unknown}
 D - 2 potions of mutation
 G - 2 potions of ambrosia {unknown}
 H - 2 potions of brilliance {unknown}
 Q - a potion of agility
Books
 b - a book of Conjurations

   Spells                             Type                      Level
   a - Magic Dart                     Conjuration                  1
   b - Searing Ray                    Conjuration                  2
   c - Dazzling Spray                 Conjuration/Hexes            3
   d - Fulminant Prism                Conjuration/Hexes            4
   e - Force Lance                    Conjuration/Translocation    4
   f - Iskenderun's Mystic Blast      Conjuration                  4
 L - a book of Necromancy

   Spells                             Type                      Level
   a - Pain                           Necromancy                   1
   b - Animate Skeleton               Necromancy                   1
   c - Vampiric Draining              Necromancy                   3
   d - Regeneration                   Charms/Necromancy            3
   e - Animate Dead                   Necromancy                   4
   f - Control Undead                 Necromancy                   4
 N - a book of Debilitation

   Spells                             Type                      Level
   a - Corona                         Hexes                        1
   b - Slow                           Hexes                        2
   c - Inner Flame                    Hexes/Fire                   3
   d - Portal Projectile              Hexes/Translocation          3
   e - Cause Fear                     Hexes                        4
   f - Leda's Liquefaction            Hexes/Earth                  4
Comestibles
 c - 5 bread rations
 s - a royal jelly
 t - 2 meat rations
 R - 10 chunks of flesh


   Skills:
 + Level 7.1 Fighting
 - Level 1.7 Dodging
 - Level 1.7 Stealth
 * Level 2.7 Shields
 + Level 7.0 Spellcasting
 + Level 10.4 Conjurations
 + Level 2.0 Invocations


You had 13 spell levels left.
You knew the following spells:

 Your Spells              Type           Power        Failure   Level  Hunger
a - Magic Dart            Conj           ####         1%          1    None
b - Searing Ray           Conj           #####.       1%          2    None
c - Dazzling Spray        Conj/Hex       ####..       1%          3    #......
d - Fulminant Prism       Conj/Hex       ####......   4%          4    ###....


Dungeon Overview and Level Annotations

Branches:
Dungeon (8/15)             Temple (0/1) D:5            Lair (0/6) D:8

Altars:
Ashenzari
Cheibriados
Dithmenos
Elyvilon
Okawaru
Ru
Vehumet
Zin
The Shining One

Shops:
D:7 *

Annotations:
D:3 Natasha


Innate Abilities, Weirdness & Mutations

You have a pair of antennae on your head.
A demonic guardian rushes to your aid.
Your flesh is heat resistant. (rF+)
You are immune to clouds of flame.
You have very sharp teeth.
You have sharp toenails.
You possess an exceptional clarity of mind.


Message History

Nature stops experimenting on you.
You feel clumsy.
Your toenails lengthen and sharpen.
Your teeth lengthen and sharpen.
Your thoughts seem clearer.
The wyvern closely misses you.
You feel better. The wyvern misses you. The wyvern bites you!
* * * LOW HITPOINT WARNING * * *
Unknown command.
You feel better. The wyvern bites you!
* * * LOW HITPOINT WARNING * * *
Unknown command.
Okay, then.
Unknown command.
Unknown command.
As you read the scroll labeled GIAMUBEKLO, it crumbles to dust.
The creatures around you are filled with an inner flame!
It was a scroll of immolation.
The wyvern closely misses you. The wyvern barely misses you.
As you read the scroll labeled ILULAL VILYUSI, it crumbles to dust.
The scroll dissolves into smoke.
It was a scroll of fog.
The wyvern bites you!
You die...

........
#.##.####
#.########.
#.....#.##
#...# #.
.........#
#..... ..
#...>....
...... ###
#.#......
#......
.....§§§#
..P.... #.#
#..§§§##.......
#.#
#..§l@§§)...>..
#.#
#.#§##§[.......
#.#
#.#.##§#)......
#.#
#.#.##.##......
#.###.#.##.#
......
####.#....l...#
#.....
#.....>#.##.#.#
#...#
#.###..#.##.#.#
...# #.#
#.#..##.#.# ..#


You could see a wyvern (inner flame).

Vanquished Creatures
  Sigmund (D:5)
  A warg (D:8)
  2 orc warriors
  3 phantoms
  A sky beast (D:6)
  A necrophage (D:6)
  6 ogres
  2 wolves (D:8)
  3 centaurs
  Blork the orc (D:5)
  A bullfrog (D:7)
  A water moccasin zombie (D:6)
  2 scorpions
  3 wights (D:8)
  A howler monkey (D:7)
  5 crimson imps
  2 bullfrog zombies
  A hound (D:7)
  A jelly (D:5)
  6 orc priests
  7 orc wizards
  A centaur skeleton (D:7)
  Ijyb (D:3)
  An iguana (D:7)
  Natasha (twice) (D:3)
  5 worker ants
  Robin (D:3)
  9 adders
  A gnoll (D:6)
  3 shadow imps
  An adder skeleton (D:5)
  An adder zombie (D:5)
  3 worms
  3 dart slugs
  3 leopard geckos
  30 orcs
  7 bats
  2 giant cockroaches
  14 goblins
  11 hobgoblins
  21 jackals
  8 kobolds
  3 quokkas
  4 ball pythons
  A ball python skeleton (D:6)
  9 frilled lizards
  2 jackal zombies
  2 quokka zombies
  2 rats (D:1)
202 creatures vanquished.

Vanquished Creatures (collateral kills)
  A troll (D:7)
  A hornet (D:7)
  Grum (D:8)
  A warg (D:8)
  An orc warrior (D:8)
  An ice beast (D:6)
  A necrophage (D:8)
  An ogre (D:5)
  A howler monkey (D:8)
  An orc wizard (D:8)
  3 gnolls (D:6)
  A jackal (D:7)
14 creatures vanquished.

Vanquished Creatures (others)
  An orc wizard (D:7)
  11 fulminant prisms
12 creatures vanquished.

Grand Total: 228 creatures vanquished

Notes
Turn   | Place    | Note
-------+----------+-------------------------------------------
     0 | D:1      | Jannitor the Demonspawn Conjurer began the quest for the Orb.
     0 | D:1      | Reached XP level 1. HP: 13/13 MP: 3/3
   589 | D:1      | Found an iron altar of Okawaru.
   609 | D:1      | Became a worshipper of Warmaster Okawaru
   631 | D:1      | Gained mutation: Your flesh is heat resistant. (rF+) [demonic ancestry]
   631 | D:1      | Reached XP level 2. HP: 19/19 MP: 0/5
  1191 | D:2      | Reached skill level 5 in Conjurations
  1191 | D:2      | Gained mutation: You are immune to clouds of flame. [demonic ancestry]
  1191 | D:2      | Reached XP level 3. HP: 24/24 MP: 1/6
  1691 | D:2      | Found a glowing golden altar of the Shining One.
  1695 | D:2      | Found a white marble altar of Elyvilon.
  1701 | D:2      | Gained mutation: You have a pair of small antennae on your head. [demonic ancestry]
  1701 | D:2      | Reached XP level 4. HP: 29/30 MP: 1/7
  1769 | D:2      | Learned a level 2 spell: Searing Ray
  2090 | D:3      | Noticed Natasha
  2184 | D:3      | Killed Natasha
  2184 | D:3      | Reached skill level 6 in Conjurations
  2240 | D:3      | Noticed Robin
  2255 | D:3      | Killed Robin
  2333 | D:3      | Noticed Natasha
  2338 | D:3      | Killed Natasha
  2338 | D:3      | Reached XP level 5. HP: 27/35 MP: 3/8
  2460 | D:3      | Noticed Ijyb
  2460 | D:3      | Paralysed by Ijyb for 3 turns
  2470 | D:3      | Paralysed by Ijyb for 2 turns
  2484 | D:3      | Paralysed by Ijyb for 6 turns
  2498 | D:3      | Paralysed by Ijyb for 3 turns
  2519 | D:3      | Killed Ijyb
  2683 | D:3      | Noticed Natasha
  3111 | D:3      | Found a shadowy altar of Dithmenos.
  3129 | D:3      | Reached skill level 7 in Conjurations
  3202 | D:3      | Reached * piety under Okawaru
  3399 | D:3      | Gained mutation: You have a pair of antennae on your head. [demonic ancestry]
  3399 | D:3      | Reached XP level 6. HP: 31/42 MP: 3/9
  3619 | D:3      | Reached skill level 1 in Fighting
  4429 | D:4      | Gained mutation: A weak demonic guardian rushes to your aid. [demonic ancestry]
  4429 | D:4      | Reached XP level 7. HP: 40/49 MP: 3/11
  4805 | D:4      | Reached skill level 8 in Conjurations
  4875 | D:4      | Reached ** piety under Okawaru
  5384 | D:4      | Found a radiant altar of Vehumet.
  5438 | D:5      | Entered Level 5 of the Dungeon
  5515 | D:5      | Noticed Sigmund
  5663 | D:5      | Found a shattered altar of Ashenzari.
  5798 | D:5      | Learned a level 3 spell: Dazzling Spray
  5810 | D:5      | Found a staircase to the Ecumenical Temple.
  5873 | D:5      | Gained mutation: A demonic guardian rushes to your aid. [demonic ancestry]
  5873 | D:5      | Reached XP level 8. HP: 13/58 MP: 2/14
  6227 | D:5      | Found a glowing silver altar of Zin.
  6561 | D:5      | Reached *** piety under Okawaru
  6629 | D:5      | Noticed Blork the orc
  6645 | D:5      | Killed Blork the orc
  6924 | D:5      | Killed Sigmund
  6924 | D:5      | Reached skill level 9 in Conjurations
  7035 | D:6      | Reached skill level 5 in Spellcasting
  7166 | D:6      | Reached skill level 5 in Fighting
  7215 | D:6      | Gained mutation: Your muscles are strong. (Str +2) [mutagenic meat]
  7216 | D:6      | Gained mutation: You evolve. [mutagenic meat]
  7217 | D:6      | Lost mutation: Your muscles are strong. (Str +2) [mutagenic meat]
  7218 | D:6      | Gained mutation: You are agile. (Dex +2) [mutagenic meat]
  7516 | D:6      | Learned a level 4 spell: Fulminant Prism
  7567 | D:6      | Found a snail-covered altar of Cheibriados.
  7571 | D:6      | Reached **** piety under Okawaru
  7571 | D:6      | Reached XP level 9. HP: 53/68 MP: 12/17
  7743 | D:6      | Found a sacrificial altar of Ru.
  8581 | D:7      | Reached skill level 10 in Conjurations
  8694 | D:7      | Noticed a troll
  8730 | D:7      | Killed a troll
  8978 | D:7      | Found Keatto's General Store.
  8982 | D:7      | Bought a scroll of enchant weapon for 75 gold pieces
  8982 | D:7      | Bought a scroll of magic mapping for 35 gold pieces
  8982 | D:7      | Bought a cursed amulet of inaccuracy for 20 gold pieces
  9521 | D:8      | Reached skill level 1 in Shields
  9524 | D:8      | Reached skill level 1 in Invocations
  9528 | D:8      | Reached ***** piety under Okawaru
  9531 | D:8      | Noticed Grum
  9532 | D:8      | Killed Grum
  9532 | D:8      | Reached XP level 10. HP: 78/78 MP: 1/20
  9641 | D:8      | Found a staircase to the Lair.
  9660 | D:8      | Lost mutation: You evolve. [potion of mutation]
  9660 | D:8      | Lost mutation: You are agile. (Dex +2) [potion of mutation]
  9660 | D:8      | Gained mutation: You have sharp toenails. [potion of mutation]
  9660 | D:8      | Gained mutation: You have very sharp teeth. [potion of mutation]
  9660 | D:8      | Gained mutation: You possess an exceptional clarity of mind. [potion of mutation]
  9662 | D:8      | HP: 2/79 [wyvern (17)]
  9664 | D:8      | Mangled by a wyvern

Skill      XL: |  1  2  3  4  5  6  7  8  9 10 |
---------------+-------------------------------+-----
Conjurations   | 5 6 7 8 9 10 | 10.4
Fighting       | 1 3 5 7 |  7.1
Spellcasting   | 3 4 5 6 7 |  7.0
Shields        | 2 |  2.7
Invocations    | 1 2 |  2.0
Dodging        | |  1.7
Stealth        | |  1.7

Action                   |  1- 3 |  4- 6 |  7- 9 | 10-12 || total
-------------------------+-------+-------+-------+-------++-------
Melee: Dagger            |    60 |   134 |   104 |     1 ||   299
Throw: Javelin           |       |     4 |       |       ||     4
 Cast: Magic Dart        |    75 |   109 |   208 |       ||   392
       Searing Ray       |       |    14 |    36 |     2 ||    52
       Dazzling Spray    |       |       |     2 |       ||     2
       Fulminant Prism   |       |       |    11 |       ||    11
Evoke: Wand              |       |     1 |       |       ||     1
  Use: Potion            |       |     7 |       |     3 ||    10
       Scroll            |       |       |     4 |     2 ||     6
 Stab: Sleeping          |     1 |       |     1 |       ||     2
       Paralysed         |       |     2 |       |       ||     2
  Eat: Chunk             |     3 |    11 |    20 |       ||    34
       Royal jelly       |       |       |     1 |       ||     1
Armor: Robe              |    35 |    39 |    38 |       ||   112
Dodge: Dodged            |    64 |   141 |   172 |     9 ||   386
